 Dungeon Crawl Stone Soup version 0.27.0-1-g7a089689b8 (webtiles) character file.

Game seed: 2924768236874739091

45 dipablo the Shield-Bearer (level 3, -6/35 HPs)
             Began as a Gnoll Fighter on Aug 3, 2021.
             Mangled by a gnoll (7 damage)
             ... on level 1 of the Dungeon.
             The game lasted 00:02:52 (1748 turns).

dipablo the Shield-Bearer (Gnoll Fighter)           Turns: 1748, Time: 00:02:52

Health: -6/35      AC:  7    Str: 16    XL:     3   Next: 64%
Magic:  4/4        EV:  8    Int:  7    God:
Gold:   16         SH: 10    Dex: 11    Spells: 3/3 levels left

rFire    . . .     SeeInvis .   a - +0 rapier
rCold    . . .     Faith    .   c - +0 kite shield
rNeg     . . .     Spirit   .   b - +0 scale mail
rPois    .         Reflect  .   (no helmet)
rElec    .         Harm     .   (no cloak)
rCorr    .         Rampage  .   (no gloves)
Will     .....                  (no boots)
Stlth    ..........             (no amulet)
HPRegen  0.11/turn              (no ring)
MPRegen  0.09/turn              (no ring)

@: no status effects
A: fangs 1, strong nose, distributed training
a: no special abilities


You were on level 1 of the Dungeon.
You visited 1 branch of the dungeon, and saw 2 of its levels.

You collected 16 gold pieces.

Inventory:

Hand Weapons
 a - a +0 rapier (weapon)
Missiles
 g - 24 sling bullets
Armour
 b - a +0 scale mail (worn)
 c - a +0 kite shield (worn)
Scrolls
 h - a scroll of blinking {unknown}
 j - a scroll of teleportation {unknown}
 l - a scroll of amnesia {unknown}
Potions
 e - a potion of degeneration {unknown}
 f - a potion of haste {unknown}
 i - a potion of resistance {unknown}
 k - a potion of lignification {unknown}


   Skills:
 + Level 6.5 Fighting
 + Level 4.5 Short Blades
 + Level 0.9 Long Blades
 + Level 0.9 Axes
 + Level 0.9 Maces & Flails
 + Level 0.9 Polearms
 + Level 0.9 Staves
 + Level 0.9 Slings
 + Level 0.9 Bows
 + Level 0.9 Crossbows
 + Level 0.9 Throwing
 + Level 6.5 Armour
 + Level 0.9 Dodging
 + Level 0.9 Stealth
 + Level 6.5 Shields
 + Level 0.9 Unarmed Combat
 + Level 0.9 Spellcasting
 + Level 0.6 Conjurations
 + Level 0.6 Hexes
 + Level 0.6 Summonings
 + Level 0.6 Necromancy
 + Level 0.6 Translocations
 + Level 0.6 Transmutations
 + Level 0.6 Fire Magic
 + Level 0.6 Ice Magic
 + Level 0.6 Air Magic
 + Level 0.6 Earth Magic
 + Level 0.6 Poison Magic
 + Level 1.0 Invocations
 + Level 0.9 Evocations


You had 3 spell levels left.
You didn't know any spells.
Your spell library was empty.

Dungeon Overview and Level Annotations

Branches:
Dungeon (2/15)

Altars:


Innate Abilities, Weirdness & Mutations

You have very sharp teeth.
Your uncanny sense of smell can sniff out nearby items.
Your experience applies equally to all skills.


Message History

A hobgoblin comes into view.
Found a stone staircase leading up.
You block the gnoll's attack. The gnoll closely misses you.
There is a stone staircase leading up here.
The gnoll hits you with a +0 halberd.
* * * LOW HITPOINT WARNING * * *
There is a stone staircase leading up, spattered with blood here.
You block the gnoll's attack.
You climb upwards.
There is a stone staircase leading down here.
Sorry, you're not good enough to have a special ability.
Sorry, you're not good enough to have a special ability.
You block the gnoll's attack.
You feel very mighty all of a sudden. The goblin hits you but does no damage.
The gnoll closely misses you.
You puncture the gnoll!
You kill the gnoll!
You block the goblin's attack. The goblin hits you but does no damage.
Your Invocations skill increases to level 1!
You puncture the goblin!
You kill the goblin!
There is a stone staircase leading down, spattered with blood here.
You see here a +0 dagger.
Things that are here:
a +0 halberd; a gnoll corpse You start resting.
You feel a little less mighty now.
You start resting.
You start waiting.
Done waiting.
You start waiting.
Done waiting.
There is a stone staircase leading down, spattered with blood here.
You see here a +0 dagger.
You climb downwards.
You block the goblin's attack.
The hobgoblin hits you but does no damage.
The frilled lizard hisses.
You block the hobgoblin's attack. You block the goblin's attack.
There is a stone staircase leading up, spattered with blood here.
The hobgoblin barely misses you. The goblin hits you but does no damage.
You climb upwards.
There is a stone staircase leading down, spattered with blood here.
You see here a +0 dagger.
You hit the goblin. Your bite misses the goblin.
The goblin hits you but does no damage. You block the hobgoblin's attack.
You miss the goblin. The goblin hits you but does no damage.
The hobgoblin hits you.
You hit the goblin.
You kill the goblin!
You block the hobgoblin's attack.
Your shield and scale mail prevent you from hitting the hobgoblin.
Your bite misses the hobgoblin.
The hobgoblin hits you but does no damage.
You block the hobgoblin's attack.
You closely miss the hobgoblin. You block the hobgoblin's attack.
You closely miss the hobgoblin. The hobgoblin hits you.
You puncture the hobgoblin!
You kill the hobgoblin!
No target in view!
No target in view!
You climb downwards.
The frilled lizard bites you but does no damage.
The gnoll hits you with a +2 flail of protection.
The frilled lizard barely misses you.
There is a stone staircase leading up, spattered with blood here.
The gnoll hits you but does no damage. The frilled lizard closely misses you.
You climb upwards.
There is a stone staircase leading down, spattered with blood here.
You see here a +0 dagger.
You closely miss the gnoll. You block the gnoll's attack.
The frilled lizard bites you but does no damage.
You hit the gnoll but do no damage. The gnoll completely misses you.
The frilled lizard completely misses you.
The gnoll hits you with a +2 flail of protection.
You barely miss the frilled lizard. Your bite misses the frilled lizard.
The frilled lizard bites you. You block the gnoll's attack.
You puncture the frilled lizard!
You kill the frilled lizard!
The gnoll hits you but does no damage.
You see here a +0 dagger.
You hit the gnoll but do no damage. You block the gnoll's attack.
You closely miss the gnoll. You bite the gnoll.
The gnoll hits you with a +2 flail of protection.
You closely miss the gnoll. You bite the gnoll, but do no damage.
You block the gnoll's attack.
You puncture the gnoll!
The gnoll hits you with a +2 flail of protection.
The gnoll hits you with a +2 flail of protection!
* * * LOW HITPOINT WARNING * * *
You hit the gnoll. You block the gnoll's attack.
You hit the gnoll but do no damage. You block the gnoll's attack.
You hit the gnoll but do no damage. The gnoll completely misses you.
You hit the gnoll but do no damage.
The gnoll hits you with a +2 flail of protection.
* * * LOW HITPOINT WARNING * * *
You completely miss the gnoll. You block the gnoll's attack.
You closely miss the gnoll.
The gnoll hits you with a +2 flail of protection!
You die...

#..# #.# ### #..# #.# #
######..######.# ##
####..............### ########.
#...................#####........
#.##.####..##.##.)........######.
#.##.####..##.##>##.####### #.
#.##.##....##.##g##.# #.
#.##.##....##.##@##.# #.
#.##.##.#####.##.##.# #.
#.##.##.## #.##.##.# #.
#.#..>...####.##.##.###### #.
#......#......##.##......# ##
###......#######.#######.#
##.............# #.#
####...##############.# #.#.#
#....>....#.########


You could see a gnoll.

Vanquished Creatures
  A gnoll (D:1)
  2 dart slugs (D:1)
  2 giant cockroaches (D:1)
  5 goblins (D:1)
  4 hobgoblins (D:1)
  2 jackals (D:1)
  2 quokkas (D:1)
  A ball python (D:1)
  A bat (D:2)
  5 frilled lizards (D:1)
  2 kobolds
  3 rats (D:1)
30 creatures vanquished.

Notes
Turn   | Place    | Note
-------+----------+-------------------------------------------
     0 | D:1      | dipablo the Gnoll Fighter began the quest for the Orb.
     0 | D:1      | Reached XP level 1. HP: 23/23 MP: 1/1
   135 | D:1      | Reached XP level 2. HP: 29/29 MP: 2/2
   359 | D:1      | Found a faded altar of an unknown god.
   521 | D:1      | Reached XP level 3. HP: 35/35 MP: 3/3
  1200 | D:2      | HP: 4/35 [gnoll (10)]
  1235 | D:2      | HP: 4/35 [gnoll (2)]
  1241 | D:1      | Reached skill level 1 in Invocations
  1742 | D:1      | HP: 4/35 [gnoll (12)]
  1746 | D:1      | HP: 1/35 [gnoll (4)]
  1748 | D:1      | Mangled by a gnoll

Illustrated notes

Levels and vault maps discovered:
D:1:      lightli_arrival_noodles, layout_loops_ring,
          hellmonk_ecumenical_altar_zigzags
D:2:      layout_loops_cross

Skill      XL: |  1  2  3 |
---------------+----------+-----
Invocations    | 1 |  1.0
Fighting       | |  6.5
Short Blades   | |  4.5
Long Blades    | |  0.9
Axes           | |  0.9
Maces & Flails | |  0.9
Polearms       | |  0.9
Staves         | |  0.9
Slings         | |  0.9
Bows           | |  0.9
Crossbows      | |  0.9
Throwing       | |  0.9
Armour         | |  6.5
Dodging        | |  0.9
Stealth        | |  0.9
Shields        | |  6.5
Unarmed Combat | |  0.9
Spellcasting   | |  0.9
Conjurations   | |  0.6
Hexes          | |  0.6
Summonings     | |  0.6
Necromancy     | |  0.6
Translocations | |  0.6
Transmutations | |  0.6
Fire Magic     | |  0.6
Ice Magic      | |  0.6
Air Magic      | |  0.6
Earth Magic    | |  0.6
Poison Magic   | |  0.6
Evocations     | |  0.9

Action                   || total
-------------------------++-------
Melee: Rapier            ||   112
       Bite              ||    11
  Use: Potion            ||     1
Armor: Scale mail        ||    44
Dodge: Dodged            ||    23
Block: Kite shield       ||    61

Table legend: (Time is in decaauts)
 A = Elapsed time spent in this place.
 B = Non-inter-level travel time spent in this place.
 C = Inter-level travel time spent in this place.
 D = Time resting spent in this place.
 E = Time spent auto-exploring this place.
 F = Levels seen in this place.
 G = Mean time per level.
                   A        B        C        D        E       F      G
               +--------+--------+--------+--------+--------+-----+--------+
         Total |   1766 |   1711 |     55 |    471 |    930 |   2 |  883.0 |
       Dungeon |   1766 |   1711 |     55 |    471 |    930 |   2 |  883.0 |
               +--------+--------+--------+--------+--------+-----+--------+

Top non-repeatable levels by time:
     D:1: 1572 daAuts
     D:2: 194 daAuts

Table legend:
 A = Kills in this place as a percentage of kills in entire the game.
 B = Kills by you in this place as a percentage of kills by you in the entire game.
 C = Kills by friends in this place as a percentage of kills by friends in the entire game.
 D = Other kills in this place as a percentage of other kills in the entire game.
 E = Experience gained in this place as a percentage of experience gained in the entire game.
 F = Experience gained in this place divided by the number of levels of this place that you have seen.
                   A       B       C       D       E      F
               +-------+-------+-------+-------+-------+----------------------
         Total | 100.0 | 100.0 |   N/A |   N/A | 100.0 |  32.5
       Dungeon | 100.0 | 100.0 |   N/A |   N/A | 100.0 |  32.5
               +-------+-------+-------+-------+-------+----------------------
